 Dungeon Crawl Stone Soup version 0.25.0-9-g26727b657a (webtiles) character file.

Game seed: 6128575040075866408

46 DeadF the Sneak (level 3, 0/14 HPs)
             Began as a Felid Enchanter on June 21, 2020.
             Succumbed to an adder's poison
             ... on level 2 of the Dungeon.
             The game lasted 00:01:00 (1845 turns).

DeadF the Sneak (Felid Enchanter)                   Turns: 1845, Time: 00:01:01

Health: 0/14       AC:  1    Str:  4    XL:     3   Next: 46%
Magic:  7/7        EV: 19    Int: 16    God:
Gold:   100        SH:  0    Dex: 17    Spells: 5/6 levels left
                                        Lives:  0   Deaths: 0

rFire    . . .     SeeInvis +     - Unarmed
rCold    . . .     Gourm    .   (shield unavailable)
rNeg     . . .     Faith    .   (armour unavailable)
rPois    .         Spirit   .   (helmet unavailable)
rElec    .         Reflect  .   (cloak unavailable)
rCorr    .         Harm     .   (gloves unavailable)
MR       .....                  (boots unavailable)
Stlth    ++++......             (no amulet)
HPRegen  0.04/turn              (no ring)
MPRegen  0.10/turn              (no ring)

@: lethally poisoned (0 -> -11), quick
A: very small, no armour, no weapons or thrown items, stealth, claws 1, fangs 3,
see invisible, carnivore, speed 1, shaggy fur 1, slow metabolism 1, sharp paws
a: no special abilities


You were on level 2 of the Dungeon.
You were very full.

You visited 1 branch of the dungeon, and saw 2 of its levels.

You collected 100 gold pieces.

Inventory:

Scrolls
 a - a scroll of blinking {unknown}
 d - a scroll of remove curse {unknown}
Potions
 c - a potion of stabbing {unknown}
 e - a potion of heal wounds {unknown}
 f - a potion of degeneration {unknown}
 g - a potion of flight {unknown}
 h - a potion of invisibility {unknown}
 i - a potion of ambrosia {unknown}
 j - a potion of curing {unknown}
Comestibles
 b - 5 rations


   Skills:
 + Level 4.1 Dodging
 + Level 5.3 Stealth
 - Level 1.0 Unarmed Combat
 - Level 2.0 Spellcasting
 - Level 4.4 Hexes


You had 5 spell levels left.
You knew the following spells:

 Your Spells              Type           Power        Failure   Level  Hunger
a - Corona                Hex            ###....      3%          1    #......

Your spell library contained the following spells:

 Spells                   Type           Power        Failure   Level  Hunger
 Confusing Touch          Hex            ###.....     11%         3    ###....
 Tukima's Dance           Hex            ###.....     11%         3    ###....
 Ensorcelled Hibernation  Hex/Ice        #.....       13%         2    ###....
 Dazzling Flash           Conj/Hex       #.....       26%         3    ###....


Dungeon Overview and Level Annotations

Branches:
Dungeon (2/15)

Altars:


Innate Abilities, Weirdness & Mutations

You cannot wear armour.
You are incapable of wielding weapons or throwing items.
Your paws allow you to move quietly. (Stealth)
You have sharp claws.
You have razor-sharp teeth.
You have supernaturally acute eyesight. (SInv)
You are carnivorous and can eat meat at any time.
You cover ground quickly.
You are covered in fur. (AC +1)
You have a slow metabolism.
Your sharp claws are effective at attacking unaware monsters.


Message History

You are too injured to fight recklessly!
You closely miss the adder.
The adder is heavily wounded.
The adder bites you.
You barely miss the adder.
The adder is heavily wounded.
The adder closely misses you.
You closely miss the adder.
The adder is heavily wounded.
The adder bites you.
* * * LOW HITPOINT WARNING * * *
You are more poisoned.
The adder poisons you!
You barely miss the adder.
The adder is heavily wounded.
* * * LOW HITPOINT WARNING * * *
You feel sick. The adder closely misses you. The adder barely misses you.
You closely miss the adder.
The adder is heavily wounded.
You die...

##.####........#
......+........
.#.####......#.
.#.............
.######...#####
.# #...# .#
#...# # .#
#...######+#.##
.#
+.........@S..#
.#
#...#####.....#
.# #.### #.....#
.# #.# #........
.# #. #.....###
.# #. #....!# .#
#.....# .#
#.....# .#


You could see an adder.

Vanquished Creatures
  Natasha (D:2)
  An ooze (D:1)
  A worm (D:2)
  3 goblins (D:1)
  3 kobolds (D:1)
  A quokka (D:2)
  3 bats (D:1)
  2 frilled lizards (D:1)
  A rat (D:1)
16 creatures vanquished.

Notes
Turn   | Place    | Note
-------+----------+-------------------------------------------
     0 | D:1      | DeadF the Felid Enchanter began the quest for the Orb.
     0 | D:1      | Reached XP level 1. HP: 7/7 MP: 4/4
   553 | D:1      | Reached XP level 2. HP: 6/11 MP: 6/6
  1808 | D:2      | Noticed Natasha
  1820 | D:2      | Killed Natasha
  1820 | D:2      | Reached skill level 5 in Stealth
  1820 | D:2      | Reached XP level 3. HP: 14/14 MP: 7/7
  1845 | D:2      | Succumbed to an adder's poison

Illustrated notes

Levels and vault maps discovered:
D:1:      dpeg_arrival_central, layout_basic
D:2:      layout_basic, lemuel_zombie_altar_yredelemnul, uniq_natasha

Skill      XL: |  1  2 |
---------------+-------+-----
Dodging        | 3 4 |  4.1
Stealth        | 5 |  5.3
Unarmed Combat | |  1.0
Spellcasting   | |  2.0
Hexes          | |  4.4

Action                   || total
-------------------------++-------
Melee: Unarmed           ||    85
       Bite              ||     6
 Stab: Sleeping          ||     4
  Eat: Chunk             ||     8
Armor: Skin              ||     7
Dodge: Dodged            ||    72
